 Dungeon Crawl Stone Soup version 0.17.1-3-g152610e (webtiles) character file.

14287 GFox the Nimble (level 11, -5/99 HPs)
             Began as a Pale Draconian Berserker on Mar 27, 2016.
             Was an Elder of Trog.
             Slain by an orc knight
             ... wielding a +0 great sword
              (36 damage)
             ... on level 4 of the Orcish Mines.
             The game lasted 02:32:59 (14671 turns).

GFox the Nimble (Pale Draconian Berserker)         Turns: 14671, Time: 02:33:19

Health: -5/99      AC: 18    Str: 23    XL:     11   Next: 86%
Magic:  11/11      EV: 22    Int:  8    God:    Trog [****..]
Gold:   1331       SH:  0    Dex: 10    Spells: 0 memorised, 10 levels left

rFire  . . .     SeeInvis .     x - +6 bardiche (protect)
rCold  . . .     Clarity  .     (armour unavailable)
rNeg   . . .     SustAt   .     (shield currently unavailable)
rPois  +         Gourm    .     (helmet restricted)
rElec  .         Spirit   .     g - +2 cloak {+Inv}
rCorr  .         Warding  .     q - +2 pair of gloves
rMut   .         Stasis   .     (no boots)
MR     ++...                    v - amulet of regeneration
Stlth  +++.......               n - ring of poison resistance
                                k - +5 ring of evasion

@: exhausted, short of breath, regenerating, drained, very resistant to hostile
enchantments, fairly stealthy
A: breathe steam, unfitting armour, cold-blooded, AC +7
a: Breathe Steam, Berserk, Trog's Hand, Brothers in Arms, Burn Spellbooks,
Renounce Religion, Evoke Invisibility


You were on level 4 of the Orcish Mines.
You worshipped Trog.
Trog was greatly pleased with you.
You were hungry.

You visited 2 branches of the dungeon, and saw 14 of its levels.
You also visited: Bailey.

You collected 1445 gold pieces.
You spent 114 gold pieces at shops.

Inventory:

Hand Weapons
 i - a +4 scythe of flaming
 x - a +6 bardiche of protection (weapon)
Missiles
 h - 12 javelins of returning (quivered)
 t - 2 needles of confusion
Armour
 g - a +2 cloak of invisibility (worn)
 q - a +2 pair of gloves (worn)
Jewellery
 k - a +5 ring of evasion (left hand)
 n - a ring of poison resistance (right hand)
 r - an uncursed ring of protection from magic
 s - an uncursed ring of sustain attributes
 u - an uncursed ring of ice
 v - an amulet of regeneration (around neck)
 C - an uncursed ring of positive energy
 E - an uncursed ring of teleportation
 L - an uncursed ring of invisibility
Wands
 l - a wand of disintegration (10)
 w - a wand of fire (15)
 A - a wand of magic darts (23)
 D - a wand of slowing (9)
 K - a wand of disintegration (1)
Scrolls
 e - 5 scrolls of remove curse
 y - a scroll of blinking
 z - 2 scrolls of fear
 F - a scroll of enchant armour
 H - a scroll of recharging
Potions
 a - a potion of agility
 c - a potion of curing
 m - 2 potions of flight
Miscellaneous
 J - a lamp of fire
Comestibles
 b - 5 bread rations
 d - 6 chunks of flesh
 f - a slice of pizza
 o - 5 meat rations
 p - 6 beef jerkies
 G - 8 royal jellies
 I - 3 fruits


   Skills:
 + Level 10.0(9.9) Fighting
   Level 4.5(7.6) Axes
 + Level 9.5(9.9) Polearms
 + Level 1.3 Throwing
 + Level 12.0(11.9) Dodging
 + Level 5.2 Stealth
 + Level 1.0 Evocations


You had 10 spell levels left.
You didn't know any spells.

Dungeon Overview and Level Annotations

Branches:
Dungeon (10/15)            Temple (0/1) D:7             Orc (4/4) D:10
    Elf (0/3) Orc:4
   Lair: D:8-11

Altars:
Cheibriados
Dithmenos
Elyvilon
Fedhas
Kikubaaqudgha
Nemelex Xobeh
Okawaru
Ru
Sif Muna
Trog
Xom
Yredelemnul
Zin
The Shining One

Shops:
D:4 (*(:}   D:9 =   Orc:4 ![!


Innate Abilities, Weirdness & Mutations

You can breathe blasts of scalding, opaque steam.
Your pale cyan-grey scales are hard (AC +7).
Your body does not fit into most forms of armour.
You are cold-blooded and may be slowed by cold attacks.


Message History

Aim: an orc wizard, wielding a dagger of venom and wearing a robe (consumed by blood-lust)
You exhale a blast of scalding steam.
The ball of steam hits the orc sorcerer.
The orc sorcerer is lightly wounded.
The ball of steam hits the ice devil.
The ice devil is moderately wounded.
You feel somewhat more hungry.
The orc sorcerer is engulfed in a cloud of scalding steam.
The orc sorcerer completely misses you.
The orc knight hits you with a great sword!
* * * LOW HITPOINT WARNING * * *
The orc sorcerer is engulfed in a cloud of scalding steam.
The orc sorcerer hits you but does no damage.
You barely miss the orc knight.
You feel yourself speed up.
The orc sorcerer is engulfed in a cloud of scalding steam.
The orc sorcerer hits you but does no damage.
The orc knight is engulfed in a cloud of scalding steam.
The orc knight hits you with a great sword!!!
You die...

.................................
.................................
...)))...........................
.....[...........................
...................(.............
.....................(.)[).......
.........................).......
....................>............
................@o...............
......###########o###########....
......# ######3###### #.#..
......# #.....oo....# #....
......# ...####o####... #....
......# #o# #.... ......# #o#
#.... ......# #o# #.... ......#
#)# #.#..


You could see an orc knight, an ice devil and an orc sorcerer.

Vanquished Creatures
  Erolcha (Orc:2)
  3 orc high priests (Orc:4)
  Pikel (D:5)
  2 orc knights (Orc:4)
  2 orc sorcerers
  Maurice (D:10)
  2 trolls
  Grinder (D:3)
  Sigmund (D:2)
  A human (D:8)
  A hungry ghost (D:10)
  2 hippogriffs (D:9)
  A warg (Orc:1)
  Edmund (D:6)
  A soldier ant (D:9)
  20 orc warriors
  A wasp (D:9)
  A slave (D:5)
  3 sky beasts
  8 ogres
  2 black bears
  An ice beast (D:7)
  A necrophage (D:9)
  9 centaurs
  A big kobold (D:7)
  6 giant frogs
  A scorpion (D:5)
  A wyvern skeleton (D:9)
  3 killer bees (D:8)
  A centaur zombie (D:9)
  A jelly (D:9)
  3 crimson imps
  18 orc wizards
  Crazy Yiuf (D:2)
  A human skeleton (D:8)
  12 orc priests
  Terence (D:2)
  Natasha (twice) (D:2)
  2 iguanas
  5 hounds
  6 worker ants
  A killer bee zombie (D:10)
  A hound zombie (D:9)
  A hound skeleton (D:7)
  A worker ant zombie (D:10)
  15 gnolls
  8 adders
  A shadow imp (D:8)
  An ooze (D:3)
  An adder zombie (D:10)
  3 worms
  An adder skeleton (D:8)
  4 giant geckos
  145 orcs
  10 bats
  5 hobgoblins
  4 jackals (D:8)
  3 quokkas
  A ball python (D:4)
  6 giant cockroaches
  A giant gecko skeleton (D:8)
  6 giant newts
  7 goblins
  A jackal skeleton (D:8)
  16 kobolds
  A quokka zombie (D:6)
  7 rats
383 creatures vanquished.

Vanquished Creatures (collateral kills)
  Snorg (D:10)
  Psyche (D:10)
  A troll (D:10)
  A deep elf mage (D:10)
  2 orc warriors
  6 orc priests
  2 orc wizards
  19 orcs
  A quokka (D:10)
34 creatures vanquished.

Vanquished Creatures (others)
  A human (D:3)
  An orc priest (D:4)
  An orc wizard (D:4)
  An orc (Orc:1)
  A quokka (D:5)
5 creatures vanquished.

Grand Total: 422 creatures vanquished

Notes
Turn   | Place    | Note
--------------------------------------------------------------
     0 | D:1      | GFox the Draconian Berserker began the quest for the Orb.
     0 | D:1      | Reached XP level 1. HP: 19/19 MP: 1/1
   279 | D:1      | Reached XP level 2. HP: 26/26 MP: 2/2
   493 | D:2      | Reached ** piety under Trog
   546 | D:2      | Noticed Natasha
   556 | D:2      | Killed Natasha
   556 | D:2      | Reached XP level 3. HP: 19/33 MP: 3/3
   696 | D:2      | Noticed Sigmund
   705 | D:2      | Killed Sigmund
   705 | D:2      | Reached skill level 4 in Fighting
   705 | D:2      | Reached XP level 4. HP: 38/41 MP: 4/4
   705 | D:2      | Reached XP level 5. HP: 43/47 MP: 5/5
   832 | D:2      | Found a glowing golden altar of the Shining One.
  1017 | D:2      | Noticed Natasha
  1025 | D:2      | Killed Natasha
  1146 | D:2      | Noticed Crazy Yiuf
  1153 | D:2      | Killed Crazy Yiuf
  1308 | D:2      | Noticed Terence
  1317 | D:2      | Killed Terence
  1317 | D:2      | Reached XP level 6. HP: 44/55 MP: 6/6
  1326 | D:2      | Found an iron altar of Okawaru.
  1393 | D:2      | Reached skill level 5 in Fighting
  1393 | D:2      | Reached skill level 1 in Stealth
  1646 | D:3      | Noticed Grinder
  1653 | D:3      | Killed Grinder
  1653 | D:3      | Reached skill level 1 in Polearms
  1653 | D:3      | Reached skill level 5 in Dodging
  1658 | D:3      | Your scales start taking on a pale cyan-grey colour.
  1658 | D:3      | Reached XP level 7. HP: 53/61 MP: 7/7
  1940 | D:3      | Found an ancient bone altar of Kikubaaqudgha.
  1940 | D:3      | Noticed a human
  1945 | D:3      | Killed a human
  1957 | D:3      | Reached *** piety under Trog
  2429 | D:4      | Found Bene's Weapon Shoppe.
  3082 | D:4      | Found Uniojaq's Assorted Antiques.
  3095 | D:4      | Bought a scroll of identify for 34 gold pieces
  3096 | D:4      | Found Arghi's Antique Weapon Emporium.
  3431 | D:4      | Reached skill level 6 in Fighting
  3491 | D:4      | Found Qiacy's Book Shop.
  3534 | D:4      | Found Leriumu's Gadget Emporium.
  3773 | D:5      | Entered Level 5 of the Dungeon
  3796 | D:5      | Reached XP level 8. HP: 40/70 MP: 8/8
  4038 | D:5      | Found a white marble altar of Elyvilon.
  4052 | D:5      | Found a sacrificial altar of Ru.
  4083 | D:5      | Found a shimmering altar of Xom.
  4316 | D:5      | Noticed Pikel
  4377 | D:5      | Killed Pikel
  4377 | D:5      | Reached skill level 7 in Fighting
  4681 | D:6      | Found a sparkling altar of Nemelex Xobeh.
  4764 | D:6      | Reached XP level 9. HP: 67/79 MP: 9/9
  4828 | D:6      | Noticed Edmund
  4844 | D:6      | Killed Edmund
  5059 | D:6      | Found a snail-covered altar of Cheibriados.
  5302 | D:7      | Reached skill level 5 in Polearms
  5314 | D:7      | Reached **** piety under Trog
  5325 | D:7      | Gained mutation: You evolve. [mutagenic meat]
  5326 | D:7      | Gained mutation: You have a pair of small horns on your head. [mutagenic meat]
  5339 | D:7      | Found a staircase to the Ecumenical Temple.
  5403 | D:7      | Reached skill level 8 in Dodging
  6318 | D:7      | Found a basalt altar of Yredelemnul.
  6318 | D:7      | Found a glowing silver altar of Zin.
  6318 | D:7      | Found a bloodstained altar of Trog.
  6455 | D:8      | Found a shadowy altar of Dithmenos.
  6605 | D:8      | Reached skill level 9 in Dodging
  6751 | D:8      | Found a flagged portal.
  6773 | Bailey   | Entered a bailey
  6960 | Bailey   | Reached XP level 10. HP: 12/88 MP: 10/10
  7623 | Bailey   | HP: 6/132 [orc warrior/trident (13)]
  8272 | Bailey   | Reached skill level 1 in Evocations
  8986 | D:8      | Found a runed door.
  8992 | D:8      | Found a basalt altar of Yredelemnul.
  9007 | D:8      | Reached skill level 10 in Dodging
  9201 | D:8      | Found a deep blue altar of Sif Muna.
  9293 | D:9      | Found Axerr's Jewellery Emporium.
  9791 | D:9      | Lost mutation: You have a pair of small horns on your head. [evolution]
  9868 | D:9      | Found a blossoming altar of Fedhas.
 10040 | D:9      | Reached skill level 1 in Throwing
 10618 | D:10     | Entered Level 10 of the Dungeon
 10676 | D:10     | Gained mutation: You have a pair of small horns on your head. [potion of mutation]
 10676 | D:10     | Gained mutation: Your body sometimes deteriorates upon taking damage. [potion of mutation]
 10676 | D:10     | Gained mutation: You have supernaturally acute eyesight. [potion of mutation]
 10680 | D:10     | Lost mutation: Your body sometimes deteriorates upon taking damage. [potion of cure mutation]
 10680 | D:10     | Lost mutation: You evolve. [potion of cure mutation]
 10680 | D:10     | Lost mutation: You have a pair of small horns on your head. [potion of cure mutation]
 10680 | D:10     | Lost mutation: You have supernaturally acute eyesight. [potion of cure mutation]
 10685 | D:10     | Noticed Maurice
 10700 | D:10     | Killed Maurice
 10903 | D:10     | Found a staircase to the Orcish Mines.
 10911 | D:10     | Received a gift from Trog
 11154 | D:10     | Noticed Psyche
 11160 | D:10     | Noticed Snorg
 11164 | D:10     | Killed Psyche
 11166 | D:10     | Killed Snorg
 11166 | D:10     | Reached XP level 11. HP: 52/97 MP: 11/11
 11301 | Orc:1    | Entered Level 1 of the Orcish Mines
 11568 | Orc:2    | Found a bloodstained altar of Trog.
 13699 | Orc:1    | Reached skill level 11 in Dodging
 13862 | Orc:2    | Noticed Erolcha
 13872 | Orc:2    | Killed Erolcha
 14160 | Orc:4    | Entered Level 4 of the Orcish Mines
 14176 | Orc:4    | Reached skill level 5 in Stealth
 14474 | Orc:4    | Found a staircase to the Elven Halls.
 14508 | Orc:4    | Found Wirroagh's Distillery.
 14516 | Orc:4    | Bought a potion of heal wounds for 80 gold pieces
 14629 | Orc:4    | Noticed an orc high priest
 14629 | Orc:4    | Noticed an orc high priest
 14629 | Orc:4    | Noticed an orc high priest
 14631 | Orc:4    | Found Omnaevuc's Antique Armour Boutique.
 14631 | Orc:4    | Found Deivugh's Distillery.
 14638 | Orc:4    | Killed an orc high priest
 14640 | Orc:4    | Noticed an ice devil
 14640 | Orc:4    | Killed an orc high priest
 14643 | Orc:4    | Noticed an ice devil
 14647 | Orc:4    | Noticed a soul eater
 14649 | Orc:4    | Noticed an ice devil
 14663 | Orc:4    | Killed an orc high priest
 14663 | Orc:4    | Reached skill level 10 in Fighting
 14663 | Orc:4    | Reached skill level 12 in Dodging
 14668 | Orc:4    | Noticed an ice devil
 14671 | Orc:4    | Slain by an orc knight

Action                   |  1- 3 |  4- 6 |  7- 9 | 10-12 || total
-------------------------+-------+-------+-------+-------++-------
Melee: Hand axe          |    65 |    11 |       |       ||    76
       Scythe            |       |    55 |   338 |    58 ||   451
       Bardiche          |       |       |       |   446 ||   446
Throw: Javelin           |       |       |       |    16 ||    16
Invok: Trog's Hand       |     1 |     2 |    12 |    32 ||    47
       Berserk           |     1 |     2 |    11 |     9 ||    23
       Brothers in Arms  |       |       |     1 |     5 ||     6
       Burn Spellbooks   |       |       |       |     1 ||     1
 Abil: Evoke Invisibilit |       |       |     4 |       ||     4
       Breathe Steam     |       |       |     2 |    19 ||    21
  Use: Scroll            |       |     1 |    16 |     7 ||    24
       Potion            |       |       |     5 |     9 ||    14
 Stab: Sleeping          |       |       |     8 |     6 ||    14
       Invisible         |       |       |     3 |       ||     3
       Distracted        |       |       |       |     1 ||     1
  Eat: Chunk             |       |     5 |    30 |    25 ||    60
       Fruit             |       |       |     1 |     2 ||     3
       Bread ration      |       |       |     1 |     1 ||     2
       Beef jerky        |       |       |       |     3 ||     3
       Royal jelly       |       |       |       |     2 ||     2
       Meat ration       |       |       |       |     1 ||     1
